 Dungeon Crawl Stone Soup version 0.26-a0-665-gefeb406119 (webtiles) character file.

Game seed: 4800206470199426879

44 jiml777 the Digger (level 3, 0/19 HPs)
             Began as a Gargoyle Earth Elementalist on Oct 15, 2020.
             Slain by Terence
             ... wielding a +0 falchion
              (3 damage)
             ... on level 2 of the Dungeon.
             The game lasted 00:07:55 (1359 turns).

jiml777 the Digger (Gargoyle Earth Elementalist)    Turns: 1359, Time: 00:07:56

Health: 0/19       AC:  5    Str: 11    XL:     3   Next: 62%
Magic:  1/6        EV: 12    Int: 16    God:
Gold:   113        SH:  5    Dex: 10    Spells: 6/7 levels left

rFire    . . .     SeeInvis .   e - +0 whip
rCold    . . .     Faith    .   (no shield)
rNeg     + . .     Spirit   .   c - +0 robe
rPois    ∞         Reflect  +   (no helmet)
rElec    +         Harm     .   (no cloak)
rCorr    .         Rampage  .   (no gloves)
MR       .....                  (no boots)
Stlth    ++........             d - amulet of reflection
HPRegen  0.06/turn              (no ring)
MPRegen  0.10/turn              (no ring)

@: no status effects
A: negative energy resistance 1, electricity resistance, unbreathing,
petrification resistance, rot immunity, AC +3
a: no special abilities


You were on level 2 of the Dungeon.
You visited 1 branch of the dungeon, and saw 2 of its levels.

You collected 113 gold pieces.

Inventory:

Hand Weapons
 e - a +0 whip (weapon)
Missiles
 b - 38 stones
 f - 18 arrows
 g - 9 poisoned darts (quivered)
Armour
 c - a +0 robe (worn)
Jewellery
 d - an amulet of reflection (around neck)
Scrolls
 a - a scroll of amnesia {unknown}
 h - a scroll of noise {unknown}
 j - a scroll of remove curse {unknown}
 k - 2 scrolls of identify {unknown}
Potions
 i - a potion of curing {unknown}


   Skills:
 + Level 0.3 Fighting
 + Level 0.1 Maces & Flails
 + Level 0.5 Throwing
 + Level 1.8 Dodging
 + Level 2.3 Stealth
 + Level 2.5 Spellcasting
   Level 0.7 Transmutations
 + Level 4.4 Earth Magic


You had 6 spell levels left.
You knew the following spells:

 Your Spells              Type           Power        Failure   Level
a - Sandblast             Erth           ###...       3%          1

Your spell library contained the following spells:

 Spells                   Type           Power        Failure   Level
 Passwall                 Tmut/Erth      ##......     11%         2
 Stone Arrow              Conj/Erth      #.....       24%         3
 Petrify                  Tmut/Erth      ##......     56%         4
 Lee's Rapid Deconstruct  Erth           ###.......   65%         5


Dungeon Overview and Level Annotations

Branches:
Dungeon (2/15)

Altars:

Annotations:
D:2 Terence


Innate Abilities, Weirdness & Mutations

You are resistant to torment.
Your stone body is resilient. (AC +3)
You are immune to poison.
You resist negative energy. (rN+)
You are resistant to electric shocks. (rElec)
You can survive without breathing.
You are immune to petrification.
You are immune to rotting.


Message History

Press: ? - help, Shift-Dir - straight line, f/p - Terence
Aim: Terence, wielding a +0 falchion and wearing a +2 ring mail of poison resistance (heavily wounded)
The blast of sand hits Terence but does no damage.
Terence is heavily wounded.
b - 38 stones You block Terence's attack.
You hit Terence.
Terence is almost dead.
Terence hits you with a +0 falchion.
* * * LOW HITPOINT WARNING * * *
You closely miss Terence.
Terence is almost dead.
Terence barely misses you.
You closely miss Terence.
Terence is almost dead.
You block Terence's attack.
You hit Terence but do no damage.
Terence is almost dead.
Terence hits you with a +0 falchion.
You die...

## ## #.#. ..#
#...# ####..#
#..# #@@..####
#..###.##......
##.........#####
##....<#.####
#....#...#
###...#..##
#.......#
##...###..#
##..#..# #.#


You could see Terence.

Vanquished Creatures
  A gnoll (D:1)
  An adder (D:2)
  A worm (D:2)
  A dart slug (D:1)
  A leopard gecko (D:1)
  A giant cockroach (D:1)
  2 goblins (D:1)
  5 hobgoblins
  2 kobolds (D:1)
  A bat (D:1)
  2 frilled lizards (D:1)
  2 rats (D:1)
20 creatures vanquished.

Notes
Turn   | Place    | Note
-------+----------+-------------------------------------------
     0 | D:1      | jiml777 the Gargoyle Earth Elementalist began the quest for
                  | the Orb.
     0 | D:1      | Reached XP level 1. HP: 10/10 MP: 3/3
    39 | D:1      | Reached skill level 4 in Earth Magic
    39 | D:1      | Reached XP level 2. HP: 15/15 MP: 3/5
   585 | D:1      | Reached XP level 3. HP: 19/19 MP: 4/6
  1036 | D:2      | Noticed Terence
  1359 | D:2      | Slain by Terence

Illustrated notes

Levels and vault maps discovered:
D:1:      heliophobic_arrival_battle_scene, layout_basic
D:2:      layout_rooms, overflow_temple_1_default, grunt_temple_overflow_open,
          nicolae_ashenzari_panopticon, roderic_lattice_a, uniq_sigmund,
          uniq_crazy_yiuf_cottage, uniq_terence

Skill      XL: |  1 |
---------------+----+-----
Earth Magic    | 4 |  4.4
Fighting       | |  0.3
Maces & Flails | |  0.1
Throwing       | |  0.5
Dodging        | |  1.8
Stealth        | |  2.3
Spellcasting   | |  2.5
Transmutations | |  0.7

Action                   || total
-------------------------++-------
Melee: Whip              ||    69
Throw: Dart              ||    11
 Cast: Sandblast         ||    18
Armor: Robe              ||    17
Dodge: Dodged            ||    32
Block: Other             ||    13
       Reflection        ||     1

Table legend: (Time is in decaauts)
 A = Elapsed time spent in this place.
 B = Non-inter-level travel time spent in this place.
 C = Inter-level travel time spent in this place.
 D = Time resting spent in this place.
 E = Time spent auto-exploring this place.
 F = Levels seen in this place.
 G = Mean time per level.
                   A        B        C        D        E       F      G
               +--------+--------+--------+--------+--------+-----+--------+
         Total |   1364 |   1354 |     10 |    390 |    572 |   2 |  682.0 |
       Dungeon |   1364 |   1354 |     10 |    390 |    572 |   2 |  682.0 |
               +--------+--------+--------+--------+--------+-----+--------+

Top non-repeatable levels by time:
     D:1: 1038 daAuts
     D:2: 326 daAuts
